 Dungeon Crawl Stone Soup version 0.27.0-1-g7a089689b8 (webtiles) character file.

Game seed: 17823728697162668308

51 mandarbmax the Cutter (level 3, 0/18 HPs)
             Began as a Vine Stalker Gladiator on Aug 1, 2021.
             Succumbed to an adder's poison
             ... on level 2 of the Dungeon.
             The game lasted 00:04:30 (2187 turns).

mandarbmax the Cutter (Vine Stalker Gladiator)      Turns: 2187, Time: 00:04:30

Health: 0/18       AC:  6    Str: 17    XL:     3   Next: 81%
Magic:  3/4        EV:  8    Int:  8    God:
Gold:   63         SH:  7    Dex: 15    Spells: 2/2 levels left

rFire    . . .     SeeInvis .   k - +0 dagger (elec)
rCold    . . .     Faith    .   e - +0 kite shield
rNeg     . . .     Spirit   +   g - +0 ring mail
rPois    .         Reflect  .   c - +0 helmet
rElec    .         Harm     .   (no cloak)
rCorr    .         Rampage  .   (no gloves)
Will     .....                  (no boots)
Stlth    +.........             (no amulet)
HPRegen  0.06/turn              (no ring)
MPRegen  0.09/turn              (no ring)

@: mighty, brilliant, lethally poisoned (0 -> -2)
A: fangs 2, magic shield, antimagic bite, no potion heal 2
a: no special abilities


You were on level 2 of the Dungeon.
You visited 1 branch of the dungeon, and saw 2 of its levels.

You collected 63 gold pieces.

Inventory:

Hand Weapons
 a - a +0 rapier
 k - a +0 dagger of electrocution (weapon)
Missiles
 d - 2 throwing nets (quivered)
Armour
 c - a +0 helmet (worn)
 e - a +0 kite shield (worn)
 g - a +0 ring mail (worn)
 l - a +0 plate armour
Scrolls
 f - a scroll of immolation {unknown}
 h - a scroll of identify {unknown}
 i - 2 scrolls of noise {unknown}


   Skills:
 - Level 2.0 Fighting
 + Level 3.5 Short Blades
 - Level 2.0 Throwing
 - Level 3.0 Dodging


You had 2 spell levels left.
You didn't know any spells.
Your spell library was empty.

Dungeon Overview and Level Annotations

Branches:
Dungeon (2/15)

Altars:

Shops:
D:1 *


Innate Abilities, Weirdness & Mutations

You have extremely sharp teeth.
When hurt, damage is shared between your health and your magic reserves.
Your bite disrupts and absorbs the magic of your enemies.
Potions cannot restore your health.


Message History

The adder hisses angrily.
You hit the adder but do no damage. Your bite misses the adder.
The adder bites you.
You are poisoned.
The adder poisons you!
You barely miss the adder. Your bite misses the adder.
You feel sick. You block the adder's attack. The adder bites you.
You hit the adder. Your bite misses the adder.
The adder is lightly wounded.
You feel sick. The adder bites you.
You are too injured to fight recklessly!
Okay, then.
Your shield prevents you from hitting the adder.
The adder is lightly wounded.
You feel sick. You block the adder's attack.
You barely miss the adder. You bite the adder. You drain its power.
You feel invigorated.
The adder is heavily wounded.
You feel sick. The adder closely misses you. The adder bites you.
* * * LOW HITPOINT WARNING * * *
You are lethally poisoned!
The adder poisons you!
It was a potion of brilliance.
You feel clever all of a sudden.
* * * LOW HITPOINT WARNING * * *
You feel sick. You block the adder's attack.
It was a potion of might.
You feel very mighty all of a sudden.
* * * LOW HITPOINT WARNING * * *
You feel sick. The adder bites you but does no damage.
The adder closely misses you.
Throw: 3 throwing nets
Press: ? - help, Q - select action Shift-Dir - straight line, f - adder
Aim: an adder (heavily wounded, 42% to hit)
You throw a throwing net. The throwing net misses the adder.
* * * LOW HITPOINT WARNING * * *
You feel sick. You block the adder's attack.
You miss the adder.
The adder is heavily wounded.
You die...

##### ##...## ##
##.....## .##
#.>.....# ..##
#.......# ...#
###.......#
...#########.?......##
)..#......<).#(S@....#
.....#######.........#
...### #...#.......#
...# ..(..####.....##
...# .#### ##...##
..## ##### .## .#
......


You could see an adder.

Vanquished Creatures
  2 worms (D:2)
  4 ball pythons (D:1)
  2 endoplasms
  6 giant cockroaches
  4 goblins
  4 hobgoblins
  2 quokkas (D:1)
  4 bats
  2 frilled lizards (D:1)
  5 kobolds
  8 rats
43 creatures vanquished.

Notes
Turn   | Place    | Note
-------+----------+-------------------------------------------
     0 | D:1      | mandarbmax the Vine Stalker Gladiator began the quest for
                  | the Orb.
     0 | D:1      | Reached XP level 1. HP: 11/11 MP: 2/2
   522 | D:1      | Reached XP level 2. HP: 13/15 MP: 3/3
   556 | D:1      | Found Duickes's Assorted Antiques.
  1223 | D:1      | Reached XP level 3. HP: 12/18 MP: 4/4
  2187 | D:2      | Succumbed to an adder's poison

Illustrated notes

Levels and vault maps discovered:
D:1:      matt_arrival_refuge, layout_loops_cross, serial_shops,
          nicolae_diamond_shop
D:2:      layout_rooms

Skill      XL: |  1  2  3 |
---------------+----------+-----
Fighting       | 2 |  2.0
Throwing       | 2 |  2.0
Short Blades   | 3 |  3.5
Dodging        | 3 |  3.0

Action                   || total
-------------------------++-------
Melee: Rapier            ||   109
       Bite              ||    40
       Dagger            ||    40
Throw: Throwing net      ||     1
  Use: Potion            ||     2
Armor: Leather armour    ||    14
       Ring mail         ||    59
Dodge: Dodged            ||    82
Block: Kite shield       ||    69
